 Dungeon Crawl Stone Soup version 0.28.0 (webtiles) character file.

Game seed: 17938979564036327191

12629 inmateoo the Impaler (level 11, -3/87 HPs)
             Began as a Merfolk Gladiator on Feb 15, 2022.
             Was an Initiate of Gozag.
             Succumbed to a hornet's poison
             ... on level 11 of the Dungeon.
             The game lasted 00:13:27 (13592 turns).

inmateoo the Impaler (Merfolk Gladiator)           Turns: 13592, Time: 00:13:28

Health: -3/87      AC: 17    Str: 23      XL:     11   Next: 96%
Magic:  11/11      EV: 14    Int:  5 (7)  God:    Gozag
Gold:   789        SH: 11    Dex: 20      Spells: 10/10 levels left

rFire   . . .      SeeInvis .   a - +1 trident
rCold   + . .      Faith    .   c - +0 kite shield
rNeg    + + .      Spirit   .   j - +0 chain mail
rPois   +          Reflect  .   o - +2 hat {Stlth+}
rElec   .          Harm     .   p - +0 cloak
rCorr   .          Rampage  .   g - +2 pair of gloves
Will    .....                   m - +0 pair of boots of Indomitability {rPois rN++ Str+2}
Stlth   ..........              (no amulet)
HPRegen 0.24/turn               y - +6 ring of strength
MPRegen 0.12/turn               B - ring of protection from cold

@: brilliant, lethally poisoned (-3 -> -16), slowed, very slow
A: (nimble swimmer 2), mertail
a: Renounce Religion, Potion Petition, Call Merchant, Bribe Branch


You were on level 11 of the Dungeon.
You worshipped Gozag.
Gozag was pleased with you.
You visited 2 branches of the dungeon, and saw 12 of its levels.

You collected 1355 gold pieces.
You spent 519 gold pieces at shops.
You paid 47 gold pieces to Gozag.

Inventory:

Hand Weapons
 a - a +1 trident (weapon)
 e - a +2 falchion of electrocution
Missiles
 d - 3 throwing nets
 k - 3 curare-tipped darts (quivered)
Armour
 c - a +0 kite shield (worn)
 g - a +2 pair of gloves (worn)
 j - a +0 chain mail (worn)
 m - the +0 pair of boots of Indomitability (worn) {rPois rN++ Str+2}
   (You found it on level 5 of the Dungeon)

   Str:       It affects your strength (+2).
   rPois:     It protects you from poison.
   rN:        It greatly protects you from negative energy.
 o - a +2 hat of stealth (worn)
 p - a +0 cloak (worn)
 G - a +0 plate armour
Jewellery
 x - a ring of see invisible
 y - a +6 ring of strength (left hand)
 B - a ring of protection from cold (right hand)
Wands
 r - a wand of flame (21)
 s - a wand of mindburst (12)
 w - a wand of paralysis (3)
 F - a wand of polymorph (2)
Scrolls
 f - 3 scrolls of magic mapping
 h - 2 scrolls of amnesia
 v - 3 scrolls of enchant weapon
 C - 2 scrolls of brand weapon
 D - 2 scrolls of teleportation
 E - a scroll of fear
 H - a scroll of fog
Potions
 b - 3 potions of resistance
 i - 2 potions of magic
 n - a potion of cancellation
 q - 2 potions of mutation
 t - a potion of brilliance
 u - 3 potions of curing {unknown}
 z - 2 potions of flight


   Skills:
 + Level 8.3 Fighting
 * Level 15.0 Polearms
 - Level 2.0 Throwing
 + Level 5.5 Armour
 * Level 13.9 Dodging
 + Level 5.7 Shields


You had 10 spell levels left.
You didn't know any spells.
Your spell library contained the following spells:

 Spells                   Type           Power      Damage    Failure   Level
 Pain                     Necr           0%         1d4       100%        1
 Blink                    Tloc           0%         N/A       100%        2
 Sublimation of Blood     Necr           0%         N/A       100%        2
 Wereblood                Tmut           0%         N/A       100%        2
 Lesser Beckoning         Tloc           0%         N/A       100%        3
 Summon Ice Beast         Ice/Summ       0%         N/A       100%        4
 Agony                    Necr           0%         N/A       100%        5
 Excruciating Wounds      Necr           0%         N/A       100%        5
 Manifold Assault         Tloc           0%         N/A       100%        5
 Summon Mana Viper        Hex/Summ       0%         N/A       100%        5
 Monstrous Menagerie      Summ           0%         N/A       100%        7
 Summon Hydra             Summ           0%         N/A       100%        7


Dungeon Overview and Level Annotations

Branches:
Dungeon (11/15)            Temple (1/1) D:4            Lair (0/6) D:11
    Orc: D:9-12

Altars:
Ashenzari
Cheibriados
Fedhas
Gozag
Hepliaklqana
Kikubaaqudgha
Makhleb
Nemelex Xobeh
Okawaru
Qazlal
Ru
Sif Muna
Trog
Uskayaw
Vehumet
Xom
Yredelemnul
Zin

Shops:
D:8 ?

Annotations:
D:9 exclusion: oklob plant


Innate Abilities, Weirdness & Mutations

((You are very nimble when in or above water. (Stealth+, EV+, Speed+++)))
Your lower body shifts to a powerful aquatic tail in water.


Message History

You feel yourself speed up. You block the hornet's attack. x2
You closely miss the hornet.
The hornet is heavily wounded.
The hornet stings you!
* * * LOW HITPOINT WARNING * * *
You puncture the hornet!
The hornet is severely wounded.
The hornet stings you but does no damage.
You completely miss the hornet.
The hornet is severely wounded.
The hornet stings you but does no damage.
You miss the hornet.
The hornet is severely wounded.
The hornet stings you but does no damage.
You barely miss the hornet.
The hornet is severely wounded.
The hornet stings you but does no damage.
You miss the hornet.
The hornet is severely wounded.
The hornet stings you!
* * * LOW HITPOINT WARNING * * *
You feel yourself slow down.
You hit the hornet.
The hornet is almost dead.
You feel less wooden.
Your +0 cloak unmelds from your body.
Your +2 hat of stealth unmelds from your body.
Your +2 pair of gloves unmelds from your body.
The +0 pair of boots of Indomitability {rPois rN++ Str+2} unmelds from your body.
Your +0 chain mail unmelds from your body.
You feel stealthy. The hornet stings you.
* * * LOW HITPOINT WARNING * * *
You are lethally poisoned!
You feel as though you will be slow longer.
You block the hornet's attack.
It was a potion of brilliance.
You feel clever all of a sudden.
You die...
Your body crumbles into a pile of gold.

....#....#...#######.......#
###.##.#.#...#######.##.##.#
#.#........#.............#
#.#..#.#..##.#####.##.####
#.#..#...................#
#.#....#####.######.#######
###.##........ยง........<....#
....####.#..)..############.#
.........)....$y@.......# #.#
...##..)####'####...###.###.#
......###......$###.>##.....#
...####...........##.########
.....#...y.###.....#.#
###.##...## .##y..#.# #.##.##
.. ##.#.# #.## ### .#.# #.#
#.#


You could see a hornet.

Vanquished Creatures
  Gastronok (D:8)
  A hydra (D:11)
  Erica (D:10)
  A two-headed ogre (D:10)
  An orc sorcerer (D:11)
  3 centaur zombies
  Joseph (D:10)
  An unseen horror (D:10)
  Psyche (D:8)
  Prince Ribbit (D:7)
  6 hornets (D:11)
  Grinder (D:5)
  2 shadows
  A wyvern (D:8)
  2 wraiths
  Grum (D:8)
  5 vampire mosquitoes
  2 acid dragons
  4 water moccasins
  A floating eye (D:11)
  A sky beast (D:6)
  An orc warrior (D:7)
  3 black bears
  5 ogres
  2 necrophages (D:5)
  4 wolves (D:7)
  3 centaurs
  A kobold brigand (D:10)
  4 bullfrogs
  2 gnoll sergeants
  3 scorpions
  6 killer bees (D:9)
  A howler monkey (D:5)
  2 hounds
  A gnoll shaman (D:7)
  7 orc priests
  2 bullfrog skeletons
  A bullfrog zombie (D:5)
  10 jellies
  5 iguanas
  5 orc wizards
  Natasha (thrice) (D:3)
  A killer bee zombie (D:8)
  A hound skeleton (D:4)
  12 gnolls
  4 adders
  An ufetubus (D:7)
  An adder zombie (D:5)
  3 adder skeletons
  A worm (D:3)
  2 dart slugs
  17 orcs
  7 ball pythons
  7 bats
  19 endoplasms
  3 giant cockroaches
  5 goblins
  3 hobgoblins
  7 jackals
  2 quokkas
  4 frilled lizards
  13 kobolds
  5 rats
227 creatures vanquished.

Vanquished Creatures (others)
  A gnoll (D:8)
  48 fungi
  43 plants (D:11)
92 creatures vanquished.

Grand Total: 319 creatures vanquished

Notes
Turn   | Place    | Note
-------+----------+-------------------------------------------
     0 | D:1      | inmateoo the Merfolk Gladiator began the quest for the Orb.
     0 | D:1      | Reached XP level 1. HP: 16/16 MP: 1/1
   260 | D:1      | Reached XP level 2. HP: 23/23 MP: 2/2
   969 | D:2      | Reached XP level 3. HP: 28/28 MP: 3/3
   975 | D:2      | Reached skill level 5 in Polearms
  1535 | D:2      | Found a faded altar of an unknown god.
  1540 | D:2      | Reached XP level 4. HP: 34/34 MP: 4/4
  1633 | D:3      | Reached skill level 5 in Dodging
  1689 | D:3      | Reached skill level 1 in Armour
  2054 | D:3      | Noticed Natasha
  2062 | D:3      | Killed Natasha
  2063 | D:3      | Reached XP level 5. HP: 34/41 MP: 5/5
  2133 | D:3      | Reached skill level 6 in Polearms
  2290 | D:3      | Noticed Natasha
  2299 | D:3      | Killed Natasha
  2625 | D:3      | Noticed Natasha
  2641 | D:3      | Killed Natasha
  2928 | D:4      | Reached XP level 6. HP: 10/47 MP: 6/6
  3550 | D:4      | Reached skill level 7 in Polearms
  3581 | D:4      | Reached XP level 7. HP: 8/53 MP: 7/7
  4273 | D:4      | Found a staircase to the Ecumenical Temple.
  4284 | Temple   | Entered the Ecumenical Temple
  4399 | Temple   | Became a worshipper of Gozag Ym Sagoz the Greedy
  4714 | D:5      | Entered Level 5 of the Dungeon
  4781 | D:5      | Identified the +0 pair of boots of Indomitability {rPois
                  | rN++ Str+2}
  4914 | D:5      | Reached skill level 8 in Polearms
  4979 | D:5      | Reached XP level 8. HP: 42/61 MP: 8/8
  5250 | D:5      | Noticed Grinder
  5263 | D:5      | Killed Grinder
  5264 | D:5      | Reached skill level 9 in Polearms
  5749 | D:6      | Reached skill level 5 in Fighting
  5964 | D:6      | Reached skill level 10 in Polearms
  6072 | D:6      | Reached XP level 9. HP: 62/68 MP: 9/9
  6494 | D:6      | Reached skill level 1 in Shields
  6663 | D:6      | Found a snail-covered altar of Cheibriados.
  6841 | D:6      | Found a hide-covered altar of Uskayaw.
  7086 | D:7      | Noticed Prince Ribbit
  7101 | D:7      | Killed Prince Ribbit
  7102 | D:7      | Reached skill level 10 in Dodging
  7137 | D:7      | Found an iron altar of Okawaru.
  7209 | D:7      | Reached skill level 11 in Polearms
  7468 | D:7      | Found a sparkling altar of Nemelex Xobeh.
  7957 | D:8      | Noticed Grum
  8122 | D:8      | Killed Grum
  8279 | D:8      | Found Bakla's Magic Scroll Shop.
  8293 | D:8      | Bought 2 scrolls of identify for 52 gold pieces
  8293 | D:8      | Bought a scroll of identify for 26 gold pieces
  8293 | D:8      | Bought a scroll of brand weapon for 260 gold pieces
  8293 | D:8      | Bought a scroll of enchant weapon for 97 gold pieces
  8293 | D:8      | Bought a scroll of teleportation for 39 gold pieces
  8293 | D:8      | Bought a scroll of fear for 45 gold pieces
  8401 | D:8      | Noticed Gastronok
  8517 | D:8      | Killed Gastronok
  8518 | D:8      | Reached skill level 12 in Polearms
  8518 | D:8      | Reached XP level 10. HP: 77/77 MP: 10/10
  8840 | D:8      | Noticed Psyche
  8876 | D:8      | Killed Psyche
  9828 | D:9      | Noticed an oklob plant
 10612 | D:10     | Entered Level 10 of the Dungeon
 10631 | D:10     | Reached skill level 13 in Polearms
 10801 | D:10     | Noticed Erica
 10820 | D:10     | Killed Erica
 10821 | D:10     | Reached XP level 11. HP: 84/84 MP: 11/11
 11148 | D:10     | Noticed a two-headed ogre
 11165 | D:10     | Killed a two-headed ogre
 11645 | D:10     | Reached skill level 5 in Armour
 11891 | D:10     | Noticed Joseph
 11908 | D:10     | Killed Joseph
 11909 | D:10     | Reached skill level 14 in Polearms
 12572 | D:11     | Reached skill level 5 in Shields
 12595 | D:11     | Found a staircase to the Lair.
 13080 | D:11     | Noticed a seven-headed hydra
 13092 | D:11     | Killed a seven-headed hydra
 13539 | D:11     | Noticed an orc sorcerer
 13572 | D:11     | Killed an orc sorcerer
 13573 | D:11     | Reached skill level 15 in Polearms
 13591 | D:11     | HP: 2/87 [hornet (6)]
 13592 | D:11     | Succumbed to a hornet's poison

Illustrated notes

Levels and vault maps discovered:
D:1:      psy_arrival_spokes, layout_loops_corners, minmay_tromino_v2
D:2:      layout_basic, dreamdust_ecumenical_altar_hidden_monk_grotto,
          chequers_serial_rivers_large_a, due_unseen_surprise
D:3:      layout_basic, uniq_natasha
D:4:      layout_loops_corners, minmay_temple_entry_antechambers
D:5:      layout_basic, serial_bayou_pond_b, uniq_grinder
D:6:      layout_gridville, mainiacjoe_overflow_six_doors_small,
          marbit_many_paths
D:7:      layout_loops_ring, mainiacjoe_overflow_catwalk,
          overflow_temple_1_default, uniq_prince_ribbit1
D:8:      layout_gridville, serial_shops, nicolae_stop_n_shop_2,
          hangedman_decor_riveting, uniq_grum, uniq_psyche, uniq_gastronok
D:9:      lemuel_slime, layout_cave_pods, kennysheep_path_1
D:10:     layout_small_grid, hellmonk_bongcloud_opening, minivault_26,
          kennysheep_generic_room_9, uniq_joseph, uniq_erica
D:11:     hellmonk_paralyzer, layout_basic, due_lair_maze_entry_diamond
Temple:   dpeg_five_rooms_temple

Skill      XL: |  1  2  3  4  5  6  7  8  9 10 11 |
---------------+----------------------------------+-----
Polearms       | 5 6 7 8 10 12 13 15 | 15.0
Dodging        | 5 6 7 9 11 12 13 | 13.9
Armour         | 1 2 3 4 5 |  5.5
Fighting       | 3 4 5 6 7 8 |  8.3
Shields        | 3 4 5 |  5.7
Throwing       | |  2.0

Action                   |  1- 3 |  4- 6 |  7- 9 | 10-12 || total
-------------------------+-------+-------+-------+-------++-------
Melee: Trident           |   122 |   142 |   386 |   559 ||  1209
       Punch             |       |     2 |     5 |       ||     7
Throw: Throwing net      |       |     2 |       |       ||     2
       Dart              |       |       |     7 |     3 ||    10
Evoke: Wand              |       |       |       |     3 ||     3
  Use: Scroll            |     5 |     3 |     7 |     4 ||    19
       Potion            |       |       |     1 |     4 ||     5
 Stab: Sleeping          |     1 |       |       |       ||     1
       Distracted        |       |       |     1 |     5 ||     6
       Invisible         |       |       |       |     2 ||     2
       Paralysed         |       |       |       |     5 ||     5
Armor: Leather armour    |    21 |       |       |       ||    21
       Chain mail        |    40 |    57 |   127 |   137 ||   361
       Skin              |       |       |       |    24 ||    24
Dodge: Dodged            |    47 |    38 |   103 |   179 ||   367
Block: Kite shield       |       |       |    70 |   204 ||   274
